 Dungeon Crawl Stone Soup version 0.24-a0-388-gb57f36d6e0 (webtiles) character file.

Game seed: 16645353893138106198

14042 HAL9000 the Slicer (level 12, -8/54 HPs)
             Began as a Vine Stalker Assassin on June 3, 2019.
             Was a Believer of Uskayaw.
             Mangled by a spiny frog (13 damage)
             ... on level 3 of the Lair of Beasts on June 4, 2019.
             The game lasted 00:33:14 (13053 turns).

HAL9000 the Slicer (Vine Stalker Assassin)         Turns: 13053, Time: 00:33:14

Health: -8/54      AC:  9    Str: 19    XL:     12   Next: 12%
Magic:  0/19       EV: 13    Int: 13    God:    Uskayaw [**....]
Gold:   681        SH:  0    Dex: 17    Spells: 20/20 levels left

rFire    + . .     SeeInvis .   a - +2 dagger
rCold    + . .     Gourm    .   (no shield)
rNeg     . . .     Faith    .   R - +2 steam dragon scales
rPois    .         Spirit   +   c - +0 helmet
rElec    .         Reflect  .   l - scarf {rC+ rF+}
rCorr    .         Harm     .   (no gloves)
MR       +....                  (no boots)
Stlth    ++++......             n - amulet of regeneration
HPRegen  1.38/turn              U - +3 ring of strength
MPRegen  0.16/turn              D - +2 ring of evasion

@: lethally poisoned (-8 -> -8), studying Axes
A: fangs 3, regeneration 2, magic shield, antimagic bite, no potion heal 3, rot
immunity
a: Stomp, Line Pass, Renounce Religion


You were on level 3 of the Lair of Beasts.
You worshipped Uskayaw.
Uskayaw was noncommittal.
You were very hungry.

You visited 3 branches of the dungeon, and saw 13 of its levels.
You also visited: Sewer and Bailey.

You collected 681 gold pieces.

Inventory:

Hand Weapons
 a - a +2 dagger (weapon)
 Y - a +2 scimitar of flaming
Missiles
 d - 46 poisoned darts (quivered)
 p - 5 boomerangs
 M - a throwing net
 N - 5 atropa-tipped darts
 Q - 2 curare-tipped darts
Armour
 c - a +0 helmet (worn)
 j - a +2 leather armour of magic resistance
 l - a scarf of resistance (worn)
 R - +2 steam dragon scales (worn)
 S - the +5 pair of boots of Poor Excuses {-Cast rElec Int+3}
   (You found it in a bailey)

   It affects your intelligence (+3).
   It insulates you from electricity.
   It prevents spellcasting.
 T - the +1 pair of boots of Oreasi {rC+ Int+3}
   (You found it in a bailey)

   It affects your intelligence (+3).
   It protects you from cold.
Jewellery
 n - an amulet of regeneration (around neck)
 u - an uncursed ring of magical power
 D - a +2 ring of evasion (right hand)
 U - a +3 ring of strength (left hand)
 V - an uncursed amulet of the acrobat
Wands
 e - a wand of paralysis (7)
 q - a wand of disintegration (4)
 A - a wand of acid (8)
 C - a wand of flame (16)
 G - a wand of polymorph (9)
 P - a wand of random effects (22)
 W - a wand of clouds (2)
Scrolls
 b - 3 scrolls of teleportation
 g - 2 scrolls of amnesia
 k - 2 scrolls of magic mapping
 o - 2 scrolls of blinking
 r - 2 scrolls of fear {unknown}
 s - 2 scrolls of noise {unknown}
 t - 3 scrolls of enchant armour {unknown}
 v - 3 scrolls of enchant weapon {unknown}
 y - a scroll of fog {unknown}
 z - 3 scrolls of remove curse
 B - a scroll of holy word {unknown}
 O - a scroll of torment {unknown}
Potions
 h - 13 potions of curing
 i - 5 potions of agility
 m - 7 potions of brilliance
 w - 3 potions of might
 x - a potion of invisibility {unknown}
 E - 3 potions of flight
 F - a potion of lignification
 J - 6 potions of berserk rage
 K - a potion of haste
 L - 3 potions of mutation
 X - a potion of degeneration {unknown}
Books
 I - a manual of Axes
Comestibles
 f - 19 rations


   Skills:
 - Level 1.7 Fighting
 - Level 11.0 Short Blades
 - Level 1.7 Throwing
 + Level 7.3 Armour
 - Level 0.7 Dodging
 - Level 9.1 Stealth
 - Level 4.6 Spellcasting
 - Level 7.2 Invocations
 - Level 6.0 Evocations


You had 20 spell levels left.
You didn't know any spells.
Your spell library was empty.

Dungeon Overview and Level Annotations

Branches:
Dungeon (9/15)             Temple (1/1) D:5            Lair (3/6) D:9
  Swamp: Lair:2-4    Shoals: Lair:2-4     Snake: Lair:2-4    Spider: Lair:2-4
    Orc: D:9-12

Altars:
Ashenzari
Cheibriados
Dithmenos
Elyvilon
Fedhas
Gozag
Hepliaklqana
Kikubaaqudgha
Makhleb
Nemelex Xobeh
Okawaru
Qazlal
Ru
Sif Muna
Trog
Uskayaw
Vehumet
Wu Jian
Xom
Yredelemnul
Zin
The Shining One

Shops:
D:4 (   D:6 *   D:7 %

Annotations:
Lair:3 Fannar


Innate Abilities, Weirdness & Mutations

You have razor-sharp teeth.
You heal very quickly.
When hurt, damage is shared between your health and your magic reserves.
Your bite disrupts and absorbs the magic of your enemies.
Potions cannot restore your health.
You are immune to rotting.


Message History

You bite the spiny frog, but do no damage.
The spiny frog is almost dead.
You feel sick.
You hit the spiny frog but do no damage.
Your bite misses the spiny frog.
The spiny frog is almost dead.
You feel sick. The spiny frog stings you!
* * * LOW HITPOINT WARNING * * *
You barely miss the spiny frog. Your bite misses the spiny frog.
The spiny frog is almost dead.
You hit the spiny frog.
You bite the spiny frog, but do no damage.
The spiny frog is almost dead.
You feel sick. The spiny frog barely misses you.
Unknown command.
Okay, then.
You hit the spiny frog.
The spiny frog is almost dead.
You feel sick. The spiny frog stings you!!
You die...

#.........##.
#............
#........#.#.
##............ .
#....<........ ...
######............
....###P.###.).....#....
..............(.......##
......F@......P..P....##
........!....#...P.....#
.............+...#....#.
...######.##.#...#.#...#
.. ####.......#...# .
.............
.............
.......#.#..
............


You could see a spiny frog.

Vanquished Creatures
  A hydra (Lair:3)
  Erica (Lair:2)
  Pikel (D:3)
  4 orc knights (Bailey)
  A black mamba (Lair:1)
  A spiny frog (Lair:1)
  A komodo dragon (Lair:1)
  Grinder (D:3)
  A troll (D:9)
  2 hippogriffs
  A wyvern (D:9)
  A hungry ghost (D:7)
  2 basilisks
  17 yaks
  Menkaure (D:6)
  8 water moccasins
  2 porcupines
  Duvessa (D:7)
  2 slaves
  3 orc warriors
  A sky beast (D:9)
  2 ice beasts (D:6)
  2 phantoms
  The ghost of Acheron the Gusty, an amateur DrAE (D:3)
  2 ogres
  8 centaurs
  4 crocodiles
  Blork the orc (D:6)
  2 big kobolds (Sewer)
  A wyvern zombie (D:9)
  8 bullfrogs
  Dowan (D:6)
  3 scorpions
  6 killer bees
  3 crimson imps (D:8)
  3 centaur zombies
  3 hounds
  2 bullfrog zombies
  3 jellies
  6 orc priests
  A centaur skeleton (D:6)
  2 gnoll shamans (D:6)
  Crazy Yiuf (D:3)
  3 iguanas
  5 orc wizards
  4 worker ants
  Robin (D:3)
  A howler monkey skeleton (D:6)
  12 gnolls
  10 adders
  8 river rats (Sewer)
  3 shadow imps
  4 oozes
  An adder zombie (D:5)
  5 worms
  A dart slug (D:1)
  3 leopard geckos
  38 orcs
  2 giant cockroaches (D:1)
  21 goblins
  8 hobgoblins
  5 jackals
  3 quokkas
  4 ball pythons
  A bat (D:2)
  5 frilled lizards
  19 kobolds
  A quokka skeleton (D:5)
  24 rats
310 creatures vanquished.

Vanquished Creatures (others)
  A worker ant (D:4)
1 creature vanquished.

Grand Total: 311 creatures vanquished

Notes
Turn   | Place    | Note
-------+----------+-------------------------------------------
     0 | D:1      | HAL9000 the Vine Stalker Assassin began the quest for the
                  | Orb.
     0 | D:1      | Reached XP level 1. HP: 11/11 MP: 2/2
    23 | D:1      | Reached skill level 2 in Short Blades
    37 | D:1      | Reached XP level 2. HP: 15/15 MP: 3/3
   217 | D:1      | Reached skill level 3 in Short Blades
   297 | D:1      | Reached XP level 3. HP: 17/18 MP: 4/4
   741 | D:2      | Gained mutation: Your natural rate of healing is unusually
                  | fast. [Vine Stalker growth]
   741 | D:2      | Reached XP level 4. HP: 22/23 MP: 5/5
   910 | D:2      | Reached skill level 4 in Short Blades
  1670 | D:3      | Noticed Grinder
  1716 | D:3      | Paralysed by Grinder for 7 turns
  1726 | D:3      | Killed Grinder
  1726 | D:3      | Reached skill level 6 in Short Blades
  1726 | D:3      | Reached XP level 5. HP: 23/26 MP: 6/6
  1726 | D:3      | Reached XP level 6. HP: 27/30 MP: 7/7
  1746 | D:3      | Found a glowing drain.
  1792 | Sewer    | Entered a sewer
  2284 | Sewer    | Reached XP level 7. HP: 29/34 MP: 8/8
  2519 | Sewer    | Reached skill level 7 in Short Blades
  2935 | D:3      | Upgraded the game from 0.24-a0-380-g7ade4d1b3c to
                  | 0.24-a0-388-gb57f36d6e0
  3026 | D:3      | Found an ornate altar of the Wu Jian Council.
  3028 | D:3      | Found a stormy altar of Qazlal.
  3031 | D:3      | You fall into a shaft and drop 2 floors!
  3031 | D:5      | Entered Level 5 of the Dungeon
  3382 | D:4      | Reached skill level 8 in Short Blades
  3576 | D:4      | Found Natz's Antique Weapon Shop.
  3746 | D:4      | Gained mutation: You have razor-sharp teeth. [Vine Stalker
                  | growth]
  3746 | D:4      | Reached XP level 8. HP: 35/38 MP: 9/9
  3838 | D:4      | Noticed Pikel
  3957 | D:3      | Noticed Robin
  3995 | D:3      | Killed Robin
  4036 | D:3      | Found a runed translucent door.
  4037 | D:3      | Noticed Crazy Yiuf
  4140 | D:3      | Found a runed translucent door.
  4140 | D:3      | Noticed Acheron's ghost (amateur DrAE)
  4167 | D:3      | Reached skill level 9 in Short Blades
  4363 | D:3      | Killed Acheron's ghost
  4458 | D:3      | Killed Crazy Yiuf
  4641 | D:3      | Killed Pikel
  4641 | D:3      | Reached skill level 10 in Short Blades
  4641 | D:3      | Reached XP level 9. HP: 42/42 MP: 10/10
  5323 | D:5      | Found a staircase to the Ecumenical Temple.
  5331 | Temple   | Entered the Ecumenical Temple
  5546 | Temple   | Became a worshipper of Uskayaw the Reveler
  5786 | D:6      | Reached * piety under Uskayaw
  5789 | D:6      | Reached ** piety under Uskayaw
  5870 | D:6      | Noticed Menkaure
  5879 | D:6      | Killed Menkaure
  6051 | D:6      | Noticed Blork the orc
  6052 | D:6      | Reached skill level 11 in Short Blades
  6236 | D:6      | Reached skill level 5 in Stealth
  6236 | D:6      | Reached skill level 1 in Invocations
  6295 | D:6      | Killed Blork the orc
  6348 | D:6      | Found a hide-covered altar of Uskayaw.
  6350 | D:6      | Reached *** piety under Uskayaw
  6353 | D:6      | Reached **** piety under Uskayaw
  6833 | D:6      | Found Rapuluw's Assorted Antiques.
  7630 | D:7      | Noticed Duvessa
  7648 | D:7      | Killed Duvessa
  7722 | D:7      | Reached XP level 10. HP: 34/46 MP: 14/14
  7804 | D:7      | Reached skill level 5 in Invocations
  7848 | D:7      | Noticed Dowan
  7871 | D:6      | Killed Dowan
  8080 | D:7      | Found Jagodad's Food Shop.
  8471 | D:8      | Reached skill level 1 in Spellcasting
  8507 | D:8      | Found a flagged portal.
  8543 | Bailey   | Entered a bailey
  8648 | Bailey   | Noticed an orc knight
  8828 | Bailey   | Noticed an orc knight
  8829 | Bailey   | Noticed an orc knight
  8829 | Bailey   | Noticed an orc knight
  9167 | Bailey   | Killed an orc knight
  9339 | Bailey   | Killed an orc knight
  9344 | Bailey   | Killed an orc knight
  9344 | Bailey   | Reached ***** piety under Uskayaw
  9346 | Bailey   | Killed an orc knight
  9441 | Bailey   | Got a pair of jewelled boots
  9443 | Bailey   | Got a pair of transparent boots
  9468 | D:8      | Identified the +5 pair of boots of Poor Excuses {-Cast
                  | rElec Int+3} (You found it in a bailey)
  9478 | D:8      | Identified the +1 pair of boots of Oreasi {rC+ Int+3} (You
                  | found it in a bailey)
  9561 | D:8      | Reached skill level 1 in Evocations
  9900 | D:8      | Found a shimmering altar of Xom.
  9901 | D:8      | Found a burning altar of Makhleb.
  9938 | D:8      | Reached XP level 11. HP: 50/50 MP: 18/18
 10382 | D:9      | Found a staircase to the Lair.
 10567 | D:9      | Noticed a brown ugly thing
 10630 | D:9      | Reached skill level 5 in Evocations
 10712 | Lair:1   | Entered Level 1 of the Lair of Beasts
 10874 | Lair:1   | Reached skill level 1 in Armour
 11749 | Lair:2   | Noticed Erica
 11763 | Lair:2   | Killed Erica
 11763 | Lair:2   | Reached skill level 5 in Armour
 12384 | Lair:2   | Reached ****** piety under Uskayaw
 12399 | Lair:2   | Gained mutation: You heal very quickly. [Vine Stalker
                  | growth]
 12399 | Lair:2   | Reached XP level 12. HP: 41/54 MP: 17/19
 12815 | Lair:3   | Noticed an eight-headed hydra
 12887 | Lair:3   | Noticed a six-headed hydra
 12894 | Lair:3   | Killed a six-headed hydra
 12900 | Lair:3   | Noticed Fannar
 13053 | Lair:3   | Mangled by a spiny frog

Levels and vault maps discovered:
D:1:      zaba_arrival_water, layout_rooms, minmay_misc_feat_roman
D:2:      layout_loops_ring
D:3:      layout_basic, chequers_temple_overflow_statue_of_worship,
          cheibrodos_sewer_entry_bend, gammafunk_ghost_grave, first_ration,
          minmay_door_square, uniq_grinder, uniq_crazy_yiuf_cottage, uniq_robin
D:4:      layout_basic, serial_shops, kennysheep_mini_moat, minmay_manual_mares,
          uniq_pikel
D:5:      layout_cave_pools, temple_green
D:6:      layout_basic, serial_shops, nicolae_shop_trees, basic_altar,
          kennysheep_generic_room_5, uniq_blork_the_orc, uniq_menkaure
D:7:      layout_loops_cross, serial_shops, shop, uniq_duvessa
D:8:      layout_loops_ring, grunt_temple_overflow_champion_of_chaos,
          enter_bailey_3
D:9:      layout_layer_cave, dpeg_oklobed_lair, uniq_harold
Temple:   dpeg_five_rooms_temple
Lair:1:   layout_roguey, lemuel_fruit_fields
Lair:2:   layout_gridlike, chequers_serial_rivers_large_b, uniq_erica
Lair:3:   layout_chaotic_city, minmay_snake_entry_guardpost_small,
          infiniplex_staircase_pool, uniq_fannar

Skill      XL: |  1  2  3  4  5  6  7  8  9 10 11 12 |
---------------+-------------------------------------+-----
Short Blades   | 2 3 6 8 10 11 | 11.0
Stealth        | 7 9 |  9.1
Invocations    | 4 7 |  7.2
Spellcasting   | 4 |  4.6
Evocations     | 2 6 |  6.0
Armour         | 6 7 |  7.3
Fighting       | |  1.7
Throwing       | |  1.7
Dodging        | |  0.7

Action                   |  1- 3 |  4- 6 |  7- 9 | 10-12 || total
-------------------------+-------+-------+-------+-------++-------
Melee: Dagger            |    65 |   183 |   722 |   661 ||  1631
       Bite              |    19 |    49 |   200 |   232 ||   500
       Scimitar          |       |       |       |     4 ||     4
Throw: Boomerang         |       |    10 |       |       ||    10
       Dart              |       |       |    20 |    22 ||    42
       Throwing net      |       |       |       |     1 ||     1
Invok: Stomp             |       |       |     1 |       ||     1
Evoke: Wand              |       |       |       |    16 ||    16
  Use: Scroll            |       |       |     6 |    11 ||    17
       Potion            |       |       |     2 |     2 ||     4
 Stab: Sleeping          |    12 |     8 |     4 |    17 ||    41
       Paralysed         |       |       |    10 |    12 ||    22
       Invisible         |       |       |     1 |       ||     1
       Distracted        |       |       |       |     2 ||     2
       Held in net/web   |       |       |       |     1 ||     1
  Eat: Chunk             |       |     3 |    16 |    15 ||    34
       Ration            |       |       |     1 |     1 ||     2
Armor: Robe              |     1 |       |       |       ||     1
       Leather armour    |    15 |    34 |   132 |    52 ||   233
       Steam dragon scal |       |       |       |   116 ||   116
Dodge: Dodged            |    29 |    77 |   294 |   291 ||   691

Table legend:
 A = Non-vault XP
 B = Vault XP
 C = Vault XP percentage of total XP
 D = Non-vault monster count
 E = Vault monster count
 F = Vault count percentage of total count
                 A         B        C        D         E       F
            +---------+---------+-------+---------+---------+-------
      Total |   14283 |    5778 |  28.8 |     210 |      98 |  31.8
            +---------+---------+-------+---------+---------+-------
        D:1 |      46 |       0 |   0.0 |      19 |       0 |   0.0
        D:2 |      80 |       0 |   0.0 |      22 |       0 |   0.0
        D:3 |      87 |    1123 |  92.8 |      13 |      18 |  58.1
        D:4 |     340 |     230 |  40.4 |      19 |       2 |   9.5
        D:5 |     262 |       0 |   0.0 |       8 |       0 |   0.0
        D:6 |    1413 |     366 |  20.6 |      36 |       5 |  12.2
        D:7 |    1260 |     142 |  10.1 |      21 |       1 |   4.5
        D:8 |    1311 |      57 |   4.2 |      22 |       5 |  18.5
        D:9 |    1114 |       0 |   0.0 |      10 |       0 |   0.0
     Lair:1 |    4289 |       0 |   0.0 |      22 |       0 |   0.0
     Lair:2 |    2970 |     929 |  23.8 |      16 |       1 |   5.9
     Lair:3 |    1111 |       0 |   0.0 |       2 |       0 |   0.0
      Sewer |       0 |     398 | 100.0 |       0 |      48 | 100.0
     Bailey |       0 |    2533 | 100.0 |       0 |      18 | 100.0
            +---------+---------+-------+---------+---------+-------
